 Dungeon Crawl Stone Soup version 0.13.0-29-gdb529de (webtiles) character file.

221 LostMyPasswordAgain the Chiller (level 4, 30/30 HPs)
             Began as a Demonspawn Ice Elementalist on Nov 9, 2013.
             Quit the game in the Ecumenical Temple.
             The game lasted 00:15:19 (3478 turns).

LostMyPasswordAgain the Chiller (DsIE)              Turns: 3478, Time: 00:15:20

HP  30/30        AC  2     Str  8      XL: 4   Next: 89%
MP   7/7         EV 12     Int 17      God:
Gold 91          SH  0     Dex 14      Spells:  2 memorised,  2 levels left

Res.Fire  : . . .   See Invis. : .   q - +0 whip
Res.Cold  : . . .   Warding    : .   a - +0 robe
Life Prot.: . . .   Conserve   : .   (no shield)
Res.Poison: .       Res.Corr.  : .   (no helmet)
Res.Elec. : .       Clarity    : .   (no cloak)
Sust.Abil.: . .     Spirit.Shd : .   (no gloves)
Res.Mut.  : .       Stasis     : .   (no boots)
Res.Rott. : .       Flight     : .   (no amulet)
Saprovore : . . .                    (no ring)
                                     (no ring)

@: slightly resistant to hostile enchantments, unstealthy
A: claws 2
a: no special abilities


You were in the Ecumenical Temple.
You were not hungry.

You visited 2 branches of the dungeon, and saw 5 of its levels.

You collected 71 gold pieces.

Inventory:

Hand weapons
 q - a +0,+0 whip (weapon)
Armour
 a - a +0 robe (worn)
Comestibles
 c - 2 bread rations
 o - a rotting chunk of bat flesh
 p - a slice of pizza
 v - a choko
 x - a chunk of giant cockroach flesh
Scrolls
 d - 3 scrolls of identify {unknown}
 e - a scroll of curse armour {unknown}
 g - a scroll of enchant armour {unknown}
 h - a scroll of curse weapon {unknown}
 j - a scroll of random uselessness {unknown}
 l - 3 scrolls of blinking {unknown}
 m - a scroll of noise {unknown}
 r - 2 scrolls of recharging {unknown}
Jewellery
 n - an uncursed ring of protection from magic {unknown}
Potions
 f - a potion of restore abilities {unknown}
 i - 2 potions of heal wounds {unknown}
 k - 2 potions of agility {unknown}
 s - a potion of curing {unknown}
 t - 3 potions of invisibility {unknown}
 z - a potion of blood {unknown}
Books
 b - a book of Frost

   Spells                             Type                      Level
   *Freeze                            Ice                          1
   *Throw Frost                       Conjuration/Ice              2
   Ozocubu's Armour                   Charms/Ice                   3
   Throw Icicle                       Conjuration/Ice              4
   Summon Ice Beast                   Ice/Summoning                4
   Condensation Shield                Ice                          4


   Skills:
 - Level 1.7 Dodging
 - Level 1.7 Stealth
 - Level 1.0 Spellcasting
 - Level 1.0 Conjurations
 * Level 5.1 Ice Magic


You had 2 spell levels left.
You knew the following spells:

 Your Spells              Type           Power        Failure   Level  Hunger
a - Freeze                Ice            ###.         2%          1    ##.....
b - Throw Frost           Conj/Ice       ##....       12%         2    ###....


Dungeon Overview and Level Annotations

Branches:
Dungeon (4/27)             Temple (1/1) D:4

Altars:
Ashenzari
Cheibriados
Elyvilon
Fedhas
Kikubaaqudgha
Makhleb
Nemelex Xobeh
Trog
Vehumet
Yredelemnul
Zin
the Shining One


Innate Abilities, Weirdness & Mutations

You have very sharp fingernails.


Message History

HP restored.
Magic restored.
There is a shattered altar of Ashenzari here.
There is a glowing silver altar of Zin here.
You enter the shallow water.
Moving in this stuff is going to be slow.
You smell something rotten. (slot o)
You enter the shallow water.
Moving in this stuff is going to be slow.
You enter the shallow water.
Moving in this stuff is going to be slow.
Partly explored, can't reach some places.
Unknown command.
Autopickup is now off.
Are you sure you want to abandon this character and quit the game? (Confirm with "yes".)
Okay, then.
Saving game... please wait.
Welcome back, LostMyPasswordAgain the Demonspawn Ice Elementalist.
Press ? for a list of commands and other information.
Are you sure you want to abandon this character and quit the game? (Confirm with "yes".)

♣♣♣♣♣♣.........♣♣♣≈♣♣..♣......♣♣
♣♣♣♣............♣♣≈≈≈...........
♣♣...._.....♣....♣≈≈≈≈......._..
♣♣♣♣................≈≈≈..........
♣♣♣............._..≈≈≈≈♣.........
♣♣.................≈≈≈...........
♣♣♣........♣.....≈≈≈≈............
♣♣♣........♣♣♣..≈≈≈≈....._......♣
♣♣♣♣♣._..♣♣♣♣♣♣@≈≈≈♣.........♣♣♣
♣♣♣♣.....♣♣♣♣♣♣♣≈≈≈♣♣♣......♣♣♣♣
♣♣....♣♣ ♣♣♣≈≈♣♣♣♣♣..♣♣♣♣♣♣
♣♣♣♣♣♣♣♣ ♣≈≈♣♣♣♣♣♣♣♣♣♣♣♣♣ ♣♣♣♣♣♣
♣♣≈≈♣♣♣ ♣♣♣♣♣♣ ♣♣≈≈ ♣♣≈≈ ♣♣♣


There were no monsters in sight!

Vanquished Creatures
  5 adders
  A worm (D:3)
  A giant gecko (D:3)
  An ooze (D:3)
  3 orcs
  10 bats
  3 giant cockroaches
  9 hobgoblins
  7 jackals
  3 quokkas
  A ball python (D:3)
  2 giant newts (D:2)
  11 goblins
  A hobgoblin skeleton (D:4)
  5 kobolds
  9 rats
72 creatures vanquished.

Notes
Turn   | Place    | Note
--------------------------------------------------------------
     0 | D:1      | LostMyPasswordAgain, the Demonspawn Ice Elementalist, began the quest for the Orb.
     0 | D:1      | Reached XP level 1. HP: 13/13 MP: 3/3
   253 | D:1      | Reached skill level 3 in Ice Magic
   327 | D:1      | Gained mutation: You have sharp fingernails. [demonic ancestry]
   327 | D:1      | Reached XP level 2. HP: 1/19 MP: 0/4
   604 | D:1      | Learned a level 2 spell: Throw Frost
  1371 | D:2      | Gained mutation: You have very sharp fingernails. [demonic ancestry]
  1371 | D:2      | Reached XP level 3. HP: 15/24 MP: 0/5
  1403 | D:2      | HP: 1/24 [hobgoblin (1)]
  1814 | D:2      | Reached skill level 4 in Ice Magic
  2388 | D:3      | Reached XP level 4. HP: 27/30 MP: 5/7
  2906 | D:3      | Reached skill level 5 in Ice Magic
  3276 | D:4      | Found a staircase to the Ecumenical Temple.
  3307 | Temple   | Entered the Ecumenical Temple
  3478 | Temple   | Quit the game

Action                   |  1- 3 |  4- 6 || total
-------------------------+-------+-------++-------
Melee: Unarmed           |    83 |       ||    83
       Whip              |       |    71 ||    71
 Cast: Freeze            |    50 |    49 ||    99
       Throw Frost       |     1 |       ||     1
